 Dungeon Crawl Stone Soup version 0.29-a0-559-g359e09b9d1 (webtiles) character file.

Game seed: 17966958216865237040

147 vulpzor the Skirmisher (level 5, -1/47 HPs)
             Began as a Minotaur Fighter on June 11, 2022.
             Was an Initiate of Nemelex Xobeh.
             Succumbed to Sigmund's poison
             ... on level 2 of the Dungeon.
             The game lasted 00:05:05 (1240 turns).

vulpzor the Skirmisher (Minotaur Fighter)           Turns: 1240, Time: 00:05:05

Health: -1/47      AC: 11    Str: 23    XL:     5   Next: 7%
Magic:  4/4        EV:  9    Int:  5    God:    Nemelex Xobeh [......]
Gold:   65         SH:  4    Dex:  9    Spells: 4/4 levels left

rFire   . . .      SeeInvis .   a - +0 war axe
rCold   . . .      Faith    .   c - +0 buckler
rNeg    . . .      Spirit   .   b - +0 scale mail
rPois   .          Reflect  .   (helmet restricted)
rElec   .          Harm     .   (no cloak)
rCorr   .          Rampage  .   (no gloves)
Will    .....                   (no boots)
Stlth   ..........              (no amulet)
HPRegen 0.15/turn               i - +4 ring of protection
MPRegen 0.09/turn               k - ring of wizardry

@: lethally poisoned (-1 -> -6), slowed, very slow
A: horns 2, retaliatory headbutt
a: Renounce Religion, Draw Escape, Draw Destruction, Draw Summoning


You were on level 2 of the Dungeon.
You worshipped Nemelex Xobeh.
Nemelex Xobeh was noncommittal.
You visited 1 branch of the dungeon, and saw 2 of its levels.

You collected 65 gold pieces.

Inventory:

Hand Weapons
 a - a +0 war axe (weapon)
Armour
 b - a +0 scale mail (worn)
 c - a +0 buckler (worn)
Jewellery
 i - a +4 ring of protection (left hand)
 k - a ring of wizardry (right hand)
Scrolls
 f - a scroll of identify {unknown}
 g - a scroll of fog {unknown}
 l - a scroll of vulnerability {unknown}
Potions
 d - a potion of might
 e - 2 potions of mutation {unknown}
 h - a potion of haste {unknown}
 j - a potion of lignification {unknown}


   Skills:
 + Level 4.7 Fighting
 + Level 3.8 Axes
 + Level 4.6 Armour
 + Level 4.6 Shields


You had 4 spell levels left.
You didn't know any spells.
Your spell library contained the following spells:

 Spells                   Type           Power      Damage    Failure   Level
 Beastly Appendage        Tmut           0%         N/A       52%         1
 Wereblood                Tmut           0%         N/A       67%         2
 Spider Form              Tmut/Pois      0%         N/A       87%         3


Dungeon Overview and Level Annotations

Branches:
Dungeon (2/15)

Altars:
Nemelex Xobeh

Annotations:
D:2 Sigmund


Innate Abilities, Weirdness & Mutations

You have a pair of horns on your head.
You reflexively headbutt those who attack you in melee.


Message History

Natasha mewls in sadness.
Natasha casts a spell at you.
You feel yourself slow down.
The quokka bites you but does no damage.
You miss the quokka. Your headbutt misses the quokka.
The quokka bites you but does no damage. x2
You slash the quokka!
You kill the quokka!
Natasha extends her claws.
Natasha stares at you and mumbles some strange words.
The magic dart hits you.
Sigmund hits you from afar with a +1 scythe of venom.
You are poisoned.
Natasha stares at you and mumbles some strange words.
The magic dart hits you.
You slash Natasha!
You kill Natasha!
You feel Natasha's spirit has finally been put to rest.
You feel very sick.
Sigmund hits you from afar with a +1 scythe of venom.
You are more poisoned.
You have reached level 5!
Okay, then.
You are too injured to fight recklessly!
You feel very sick. You block Sigmund's attack.
You slash Sigmund! You headbutt Sigmund!
Sigmund is severely wounded.
You feel very sick.
Sigmund hits you with a +1 scythe of venom!
* * * LOW HITPOINT WARNING * * *
Sigmund gestures at you while chanting. The magic dart hits you.
* * * LOW HITPOINT WARNING * * *
Okay, then.
Okay, then.
You closely miss Sigmund.
Sigmund is severely wounded.
You die...
Your body disappears without a glow.

#########.............
#...........#######...
####...).......#8...8#...
...............#.###.##..
#...........'.#2#._#.#
.##...).......#.###.##.#
#..............#8...8#..#
#..............#######...
....[..!@..†.............
........@#)..............
.........#.†.............
>........#.#...†...[.....
.........#.#†............
.......................)
..........#...........††
..........#.............
...................


You could see Sigmund.

Vanquished Creatures
  Natasha (thrice) (D:2)
  3 adders (D:2)
  A dart slug (D:1)
  3 ball pythons
  An endoplasm (D:1)
  A giant cockroach (D:2)
  5 goblins
  3 hobgoblins (D:1)
  7 jackals (D:1)
  4 quokkas
  2 bats (D:1)
  A frilled lizard (D:1)
  5 kobolds
  4 rats
43 creatures vanquished.

Vanquished Creatures (others)
  2 demonic plants (D:2)
2 creatures vanquished.

Grand Total: 45 creatures vanquished

Notes
Turn   | Place    | Note
-------+----------+-------------------------------------------
     0 | D:1      | vulpzor the Minotaur Fighter began the quest for the Orb.
     0 | D:1      | Reached XP level 1. HP: 19/19 MP: 0/0
   110 | D:1      | Reached XP level 2. HP: 21/27 MP: 1/1
   672 | D:1      | Reached XP level 3. HP: 33/33 MP: 2/2
  1005 | D:2      | Noticed Natasha
  1014 | D:2      | Killed Natasha
  1069 | D:2      | Reached XP level 4. HP: 39/41 MP: 3/3
  1121 | D:2      | Found a sparkling altar of Nemelex Xobeh.
  1144 | D:2      | Became a worshipper of Nemelex Xobeh the Trickster
  1188 | D:2      | Found a faded altar of an unknown god.
  1188 | D:2      | Noticed a tormentor
  1204 | D:2      | Noticed Natasha
  1208 | D:2      | Noticed Sigmund
  1212 | D:2      | Killed Natasha
  1232 | D:2      | Noticed Natasha
  1237 | D:2      | Killed Natasha
  1238 | D:2      | Reached XP level 5. HP: 19/47 MP: 4/4
  1239 | D:2      | HP: 1/47 [Sigmund/magic dart (3)]
  1240 | D:2      | Succumbed to Sigmund's poison

Illustrated notes

Levels and vault maps discovered:
D:1:      lemuel_arrival_broad_hall, layout_basic
D:2:      layout_rooms, dreamdust_ecumenical_altar_sealed_demon, basic_altar,
          uniq_sigmund, uniq_natasha

Skill      XL: |  1  2 |
---------------+-------+-----
Fighting       | 4 |  4.7
Armour         | 4 |  4.6
Shields        | 4 |  4.6
Axes           | 3 |  3.8

Action                   |  1- 3 |  4- 6 || total
-------------------------+-------+-------++-------
Melee: War axe           |    66 |    22 ||    88
       Headbutt          |     8 |     5 ||    13
Armor: Scale mail        |    21 |    14 ||    35
Dodge: Dodged            |    43 |    14 ||    57
Block: Buckler           |    19 |    11 ||    30

Table legend: (Time is in decaauts)
 A = Elapsed time spent in this place.
 B = Non-inter-level travel time spent in this place.
 C = Inter-level travel time spent in this place.
 D = Time resting spent in this place.
 E = Time spent auto-exploring this place.
 F = Levels seen in this place.
 G = Mean time per level.
                   A        B        C        D        E       F      G
               +--------+--------+--------+--------+--------+-----+--------+
         Total |   1283 |   1283 |      0 |      0 |    886 |   2 |  641.5 |
       Dungeon |   1283 |   1283 |      0 |      0 |    886 |   2 |  641.5 |
               +--------+--------+--------+--------+--------+-----+--------+

Top non-repeatable levels by time:
     D:1: 1025 daAuts
     D:2: 258 daAuts
